[ AOE2 MATCH · #507142261 ]
UnrankedJurchens vs Japanese
Player's team · LOSS
Rival team · WIN
[ REPLAY ANALYSIS · EXTRACTED FROM THE RECORDED GAME ]
Feudal
8:51
Castle
21:17
Imperial
—
| APM avg | 69.6 |
| APM peak | 102 |
| eAPM avg | 28.8 |
| Villagers / military | 136 / 52 |
Focus
⚔️ 26.0% · 🌾 74.0%
Skirmisher ×29 · Archer ×13 · Unknown (1908) ×13 · Scout Cavalry ×5 · Iron Pagoda ×3 · Battering Ram ×1
Feudal
8:51
Castle
21:08
Imperial
35:48
| APM avg | 101.0 |
| APM peak | 265 |
| eAPM avg | 58.1 |
| Villagers / military | 171 / 63 |
Focus
⚔️ 67.0% · 🌾 33.0%
Skirmisher ×26 · Cavalry Archer ×20 · Samurai ×8 · Militia ×6 · Monk ×2 · Spearman ×1
Match map
Initial resources + every placement click. Lines = walls · curves = elevation contours. ◆ gold · ⬟ stone · ● berries · ✦ relic · ◌ wall gap
Your base· Open — unwalled flank
Ux´Combito's base· Open — unwalled flank
Smoothed initial terrain · ◌ = detected wall gap · hover for details
Inputs per minute
— _TieuQuy - - Ux´Combito
Build order — _TieuQuy
First 150 of 324 actions detected
| 0:01 | Queue | Villager (Male) |
| 0:01 | Queue | Villager (Male) |
| 0:02 | Build | House |
| 0:03 | Build | House |
| 0:09 | Queue | Villager (Male) |
| 0:09 | Queue | Villager (Male) |
| 1:32 | Queue | Villager (Male) |
| 1:32 | Queue | Villager (Male) |
| 1:40 | Queue | Villager (Male) |
| 1:40 | Queue | Villager (Male) |
| 2:13 | Build | Lumber Camp |
| 2:14 | Queue | Villager (Male) |
| 2:14 | Queue | Villager (Male) |
| 2:34 | Queue | Villager (Male) |
| 2:34 | Queue | Villager (Male) |
| 3:10 | Queue | Villager (Male) |
| 3:11 | Queue | Villager (Male) |
| 3:38 | Queue | Villager (Male) |
| 3:50 | Build | House |
| 3:55 | Queue | Villager (Male) |
| 4:22 | Build | Mill |
| 4:29 | Queue | Villager (Male) |
| 4:29 | Queue | Villager (Male) |
| 4:29 | Queue | Villager (Male) |
| 5:02 | Queue | Villager (Male) |
| 5:42 | Queue | Villager (Male) |
| 5:44 | Research | Loom |
| 6:39 | Research | Feudal Age |
| 6:39 | Research | Feudal Age |
| 7:01 | Build | House |
| 7:03 | Build | House |
| 7:04 | Build | Palisade Wall |
| 7:30 | Build | Palisade Wall |
| 7:30 | Build | Palisade Wall |
| 7:33 | Build | Palisade Wall |
| 7:39 | Queue | Villager (Male) |
| 7:45 | Build | Palisade Wall |
| 7:49 | Build | Palisade Wall |
| 8:13 | Build | Barracks |
| 8:20 | Build | Palisade Wall |
| 8:31 | Build | Palisade Wall |
| 8:34 | Build | Palisade Wall |
| 8:51 | Age | Feudal Age |
| 8:55 | Queue | Villager (Male) |
| 8:59 | Build | Archery Range |
| 9:18 | Queue | Villager (Male) |
| 9:25 | Research | Double-Bit Axe |
| 9:25 | Research | Double-Bit Axe |
| 9:39 | Queue | Skirmisher |
| 9:49 | Queue | Villager (Male) |
| 9:54 | Queue | Skirmisher |
| 10:12 | Queue | Skirmisher |
| 10:21 | Queue | Villager (Male) |
| 10:35 | Build | House |
| 10:46 | Build | House |
| 10:51 | Queue | Skirmisher |
| 10:59 | Research | Horse Collar |
| 10:59 | Research | Horse Collar |
| 11:00 | Queue | Villager (Male) |
| 11:17 | Build | Farm |
| 11:18 | Build | Farm |
| 11:24 | Build | House |
| 11:30 | Queue | Skirmisher |
| 11:39 | Queue | Villager (Male) |
| 11:44 | Build | House |
| 11:55 | Queue | Villager (Male) |
| 12:03 | Queue | Skirmisher |
| 12:08 | Build | Farm |
| 12:25 | Queue | Villager (Male) |
| 12:28 | Build | Mining Camp |
| 12:34 | Build | Mining Camp |
| 12:38 | Queue | Skirmisher |
| 12:42 | Queue | Archer |
| 12:48 | Queue | Villager (Male) |
| 12:49 | Build | Farm |
| 12:57 | Build | Mill |
| 13:07 | Queue | Villager (Male) |
| 13:31 | Queue | Villager (Male) |
| 13:32 | Build | Farm |
| 13:47 | Queue | Villager (Male) |
| 14:00 | Build | Lumber Camp |
| 14:04 | Queue | Archer |
| 14:07 | Queue | Villager (Male) |
| 14:23 | Build | House |
| 14:25 | Build | House |
| 14:39 | Queue | Villager (Male) |
| 14:43 | Queue | Archer |
| 14:57 | Queue | Villager (Male) |
| 15:15 | Queue | Villager (Male) |
| 15:22 | Queue | Archer |
| 15:25 | Queue | Villager (Male) |
| 15:37 | Queue | Archer |
| 15:44 | Queue | Villager (Male) |
| 15:47 | Build | Palisade Wall |
| 16:00 | Queue | Villager (Male) |
| 16:19 | Build | Farm |
| 16:20 | Build | Farm |
| 16:22 | Queue | Villager (Male) |
| 16:28 | Build | Blacksmith |
| 16:36 | Queue | Villager (Male) |
| 16:45 | Build | Farm |
| 16:46 | Queue | Villager (Male) |
| 16:50 | Build | Farm |
| 17:06 | Queue | Villager (Male) |
| 17:07 | Build | Watch Tower |
| 17:19 | Queue | Villager (Male) |
| 17:23 | Build | Market |
| 17:35 | Build | Farm |
| 17:36 | Build | Farm |
| 17:37 | Queue | Villager (Male) |
| 17:56 | Build | House |
| 18:15 | Build | Mining Camp |
| 18:17 | Queue | Archer |
| 18:37 | Research | Castle Age |
| 18:38 | Research | Castle Age |
| 18:53 | Queue | Archer |
| 18:54 | Queue | Archer |
| 19:10 | Research | Gold Mining |
| 19:10 | Research | Gold Mining |
| 19:10 | Research | Gold Mining |
| 19:24 | Build | Stable |
| 19:43 | Research | Fletching |
| 19:43 | Research | Fletching |
| 20:03 | Build | Farm |
| 20:19 | Queue | Scout Cavalry |
| 20:19 | Queue | Scout Cavalry |
| 20:29 | Queue | Villager (Male) |
| 21:17 | Age | Castle Age |
| 21:21 | Research | Crossbowman (upgrade) |
| 21:22 | Research | Bodkin Arrow |
| 21:30 | Build | Farm |
| 21:39 | Research | Bodkin Arrow |
| 21:39 | Research | Bodkin Arrow |
| 21:39 | Queue | Villager (Male) |
| 21:40 | Queue | Villager (Male) |
| 21:40 | Queue | Villager (Male) |
| 22:02 | Queue | Villager (Male) |
| 22:04 | Build | Town Center |
| 22:17 | Research | Light Cavalry (upgrade) |
| 22:22 | Research | Scale Barding Armor |
| 22:22 | Research | Scale Barding Armor |
| 22:23 | Research | Scale Barding Armor |
| 22:26 | Build | Farm |
| 22:36 | Queue | Villager (Male) |
| 22:36 | Queue | Villager (Male) |
| 23:03 | Queue | Scout Cavalry |
| 23:11 | Queue | Villager (Male) |
| 23:11 | Queue | Villager (Male) |
| 23:13 | Build | Farm |
| 23:24 | Queue | Villager (Male) |
Build order — Ux´Combito
First 150 of 330 actions detected
| 0:01 | Queue | Villager (Male) ×4 |
| 0:02 | Build | House |
| 0:02 | Build | House |
| 1:24 | Queue | Villager (Male) |
| 2:01 | Queue | Villager (Male) |
| 2:05 | Build | Lumber Camp |
| 2:11 | Queue | Villager (Male) |
| 2:12 | Queue | Villager (Male) |
| 2:48 | Queue | Villager (Male) |
| 2:48 | Queue | Villager (Male) |
| 3:03 | Build | House |
| 3:06 | Build | House |
| 3:13 | Queue | Villager (Male) |
| 3:13 | Queue | Villager (Male) |
| 3:36 | Queue | Villager (Male) |
| 3:50 | Build | Mill |
| 3:56 | Queue | Villager (Male) |
| 4:15 | Queue | Villager (Male) |
| 4:15 | Queue | Villager (Male) |
| 4:42 | Queue | Villager (Male) |
| 4:47 | Queue | Villager (Male) |
| 4:48 | Queue | Villager (Male) |
| 5:06 | Queue | Villager (Male) |
| 5:06 | Queue | Villager (Male) |
| 5:07 | Queue | Villager (Male) |
| 5:19 | Research | Loom |
| 5:21 | Queue | Villager (Male) |
| 5:22 | Research | Loom |
| 5:50 | Build | Barracks |
| 6:38 | Research | Feudal Age |
| 6:39 | Build | Mining Camp |
| 6:58 | Queue | Militia |
| 6:59 | Queue | Militia |
| 7:16 | Queue | Militia |
| 7:17 | Queue | Militia |
| 7:27 | Build | House |
| 7:46 | Build | Mill |
| 7:47 | Queue | Militia |
| 8:11 | Queue | Villager (Male) |
| 8:51 | Age | Feudal Age |
| 8:52 | Research | Man-at-Arms (upgrade) |
| 9:00 | Queue | Villager (Male) |
| 9:17 | Queue | Spearman |
| 9:21 | Queue | Villager (Male) |
| 9:30 | Build | House |
| 9:42 | Queue | Villager (Male) |
| 9:47 | Build | Farm |
| 9:50 | Research | Double-Bit Axe |
| 10:03 | Queue | Villager (Male) |
| 10:17 | Queue | Villager (Male) |
| 10:21 | Research | Horse Collar |
| 10:24 | Build | Farm |
| 10:26 | Build | Farm |
| 10:27 | Build | Farm |
| 10:32 | Queue | Villager (Male) |
| 10:38 | Queue | Villager (Male) |
| 11:03 | Build | Mining Camp |
| 11:04 | Queue | Villager (Male) |
| 11:12 | Queue | Militia |
| 11:22 | Build | Farm |
| 11:24 | Queue | Villager (Male) |
| 11:29 | Queue | Villager (Male) |
| 11:54 | Build | House |
| 12:10 | Queue | Villager (Male) |
| 12:19 | Build | Farm |
| 12:20 | Build | Farm |
| 12:26 | Queue | Villager (Male) |
| 12:42 | Build | Watch Tower |
| 12:59 | Queue | Villager (Male) |
| 13:01 | Build | Farm |
| 13:02 | Build | Farm |
| 13:09 | Build | House |
| 13:10 | Build | House |
| 13:11 | Build | House |
| 13:13 | Build | House |
| 13:18 | Build | Palisade Wall |
| 13:30 | Queue | Villager (Male) |
| 13:52 | Build | Watch Tower |
| 13:53 | Queue | Villager (Male) |
| 14:06 | Build | Palisade Wall |
| 14:06 | Build | Palisade Wall |
| 14:11 | Queue | Villager (Male) |
| 14:22 | Build | Mining Camp |
| 14:32 | Queue | Villager (Male) |
| 14:47 | Build | House |
| 14:48 | Build | Palisade Wall |
| 14:52 | Queue | Villager (Male) |
| 14:55 | Build | House |
| 14:56 | Build | Palisade Wall |
| 14:59 | Queue | Villager (Male) ×5 |
| 15:13 | Queue | Villager (Male) |
| 15:22 | Build | Palisade Wall |
| 15:25 | Build | House |
| 15:26 | Build | House |
| 15:30 | Queue | Villager (Male) |
| 15:51 | Queue | Villager (Male) |
| 15:58 | Build | Farm |
| 15:59 | Build | Farm |
| 16:00 | Build | Farm |
| 16:06 | Build | Farm |
| 16:09 | Build | Lumber Camp |
| 16:13 | Queue | Villager (Male) |
| 16:34 | Queue | Villager (Male) |
| 16:41 | Queue | Villager (Male) |
| 16:44 | Build | Farm |
| 16:47 | Build | Farm |
| 16:48 | Build | Farm |
| 16:54 | Queue | Villager (Male) |
| 16:58 | Build | Watch Tower |
| 17:03 | Queue | Villager (Male) |
| 17:08 | Build | Farm |
| 17:36 | Build | Blacksmith |
| 17:40 | Queue | Villager (Male) |
| 17:52 | Build | Archery Range |
| 18:12 | Build | Farm |
| 18:28 | Research | Castle Age |
| 18:28 | Research | Castle Age |
| 18:36 | Queue | Skirmisher |
| 18:36 | Queue | Skirmisher |
| 18:50 | Build | Lumber Camp |
| 18:55 | Queue | Skirmisher |
| 18:58 | Research | Gold Mining |
| 18:58 | Research | Gold Mining |
| 19:08 | Build | Farm |
| 19:23 | Research | Fletching |
| 19:24 | Research | Fletching |
| 19:24 | Research | Fletching |
| 19:35 | Build | Archery Range |
| 19:37 | Queue | Skirmisher |
| 19:52 | Build | Stone Wall |
| 19:53 | Queue | Skirmisher |
| 20:00 | Research | Padded Archer Armor |
| 20:01 | Queue | Skirmisher |
| 20:03 | Queue | Skirmisher |
| 20:22 | Queue | Skirmisher |
| 20:22 | Queue | Skirmisher |
| 20:38 | Queue | Skirmisher |
| 20:38 | Queue | Skirmisher |
| 20:41 | Queue | Villager (Male) |
| 21:08 | Age | Castle Age |
| 21:10 | Build | Lumber Camp |
| 21:12 | Research | Bodkin Arrow |
| 21:12 | Research | Bodkin Arrow |
| 21:27 | Research | Elite Skirmisher (upgrade) |
| 21:30 | Queue | Skirmisher |
| 21:31 | Queue | Villager (Male) |
| 21:32 | Queue | Villager (Male) |
| 21:50 | Queue | Skirmisher |
| 21:50 | Queue | Skirmisher |
| 21:53 | Queue | Villager (Male) |
Match timeline
| 5:50 | Ux´Combito · first_building Barracks |
| 7:04 | _TieuQuy · wall_segment Palisade Wall x1 |
| 7:30 | _TieuQuy · wall_segment Palisade Wall x1 |
| 7:30 | _TieuQuy · wall_segment Palisade Wall x1 |
| 7:33 | _TieuQuy · wall_segment Palisade Wall x1 |
| 7:45 | _TieuQuy · wall_segment Palisade Wall x1 |
| 7:49 | _TieuQuy · wall_segment Palisade Wall x1 |
| 8:13 | _TieuQuy · first_building Barracks |
| 8:20 | _TieuQuy · wall_segment Palisade Wall x1 |
| 8:31 | _TieuQuy · wall_segment Palisade Wall x1 |
| 8:34 | _TieuQuy · wall_segment Palisade Wall x1 |
| 8:51 | _TieuQuy · age_up feudal |
| 8:51 | Ux´Combito · age_up feudal |
| 8:59 | _TieuQuy · first_building Archery Range |
| 13:18 | Ux´Combito · wall_segment Palisade Wall x4 |
| 14:06 | Ux´Combito · wall_segment Palisade Wall x1 |
| 14:06 | Ux´Combito · wall_segment Palisade Wall x1 |
| 14:48 | Ux´Combito · wall_segment Palisade Wall x1 |
| 14:56 | Ux´Combito · wall_segment Palisade Wall x1 |
| 15:22 | Ux´Combito · wall_segment Palisade Wall x5 |
| 15:47 | _TieuQuy · wall_segment Palisade Wall x1 |
| 17:52 | Ux´Combito · first_building Archery Range |
| 18:30 | _TieuQuy · first_market_buy 100 food |
| 19:24 | _TieuQuy · first_building Stable |
| 19:52 | Ux´Combito · wall_segment Stone Wall x1 |
| 21:08 | Ux´Combito · age_up castle |
| 21:17 | _TieuQuy · age_up castle |
| 22:14 | Ux´Combito · first_building Stable |
| 28:42 | _TieuQuy · first_building Siege Workshop |
| 30:24 | Ux´Combito · first_building Monastery |
| 31:23 | _TieuQuy · first_building Castle |
| 31:37 | Ux´Combito · first_market_buy 100 stone |
| 31:40 | Ux´Combito · first_building Castle |
| 32:37 | Ux´Combito · first_market_sell 100 food |
| 35:48 | Ux´Combito · age_up imperial |
| 35:49 | _TieuQuy · resign |
[ AI ANALYSIS · 1 CREDIT ]
What really happened in this match?
Wolo.gg analyzes every decision: build order, eco, micro, common mistakes by bracket. Personalized analysis on WhatsApp or Discord in 30 seconds.
Civ guide
Jurchens
Perfil
Jugador #2593750